 Dungeon Crawl Stone Soup version 0.32-a0-120-gfac0567ad4 (webtiles) character file.

Game seed: 17769586285231368020

112 promet the Covert (level 4, -3/34 HPs)
             Began as a Vampire Brigand on Feb 7, 2024.
             Was an Initiate of Wu Jian.
             Slain by Pikel
             ... wielding a +1 whip of flaming
              (12 damage)
             ... on level 3 of the Dungeon.
             The game lasted 00:15:56 (4118 turns).

promet the Covert (Vampire Brigand)                 Turns: 4118, Time: 00:16:06

Health: -3/34      AC:  5    Str: 10    XL:     4   Next: 63%
Magic:  4/4        EV: 12    Int: 13    God:    Wu Jian [......]
Gold:   159        SH:  0    Dex: 17    Spells: 3/3 levels left

rFire   . . .        c - +0 great sword
rCold   . . .        (shield currently unavailable)
rNeg    . . .        k - +0 robe
rPois   .            o - +0 helmet
rElec   .            m - +0 cloak
rCorr   .            (no gloves)
SInv    +            i - +0 pair of boots
Will    .....        (no amulet)
Stlth   ++++         (no ring)
HPRegen 0.45/turn    (no ring)
MPRegen 0.09/turn

%: no passive effects
@: healing quickly
A: alive, fangs 3, see invisible, vampiric 2
a: Exsanguinate, Renounce Religion


You were on level 3 of the Dungeon.
You worshipped Wu Jian.
Wu Jian was noncommittal.
You visited 1 branch of the dungeon, and saw 4 of its levels.

You collected 159 gold pieces.

Inventory:

Hand Weapons
 a - a +2 dagger
 b - a +0 shortbow
 c - a +0 great sword (weapon)
 r - a +0 war axe
Missiles
 d - 11 poisoned darts (quivered)
 e - 2 curare-tipped darts
 f - 59 stones
Armour
 i - a +0 pair of boots (worn)
 k - a +0 robe (worn)
 m - a +0 cloak (worn)
 o - a +0 helmet (worn)
Magical Staves
 t - a staff of death
Jewellery
 g - a +4 ring of slaying
 p - a ring of positive energy
Scrolls
 h - 3 scrolls of blinking
 n - 2 scrolls of teleportation
Potions
 j - a potion of invisibility {unknown}
 l - 2 potions of ambrosia {unknown}
 q - a potion of cancellation {unknown}
 s - a potion of heal wounds


   Skills:
 * Level 2.4 Fighting
 - Level 2.1 Short Blades
 - Level 1.5 Throwing
 - Level 1.1 Dodging
 * Level 8.7 Stealth


You had 3 spell levels left.
You didn't know any spells.
Your spell library contained the following spells:

 Spells                   Type           Power      Damage    Failure   Level
 Animate Armour           Summ/Erth      0%         N/A       97%         4
 Summon Lightning Spire   Summ/Air       0%         N/A       97%         4
 Lee's Rapid Deconstruct  Erth           0%         3d4*      100%        5


Dungeon Overview and Level Annotations

Branches:
Dungeon (4/15)
 Temple: D:4-7

Altars:
Wu Jian

Shops:
D:1 *

Annotations:
D:3 Pikel


Innate Abilities, Weirdness & Mutations

Your natural rate of healing is accelerated.
You have razor-sharp teeth.
You have supernaturally acute eyesight. (SInv)
You are afflicted with vampirism and can become a bat while bloodless.


Message History

You slash the adder!
You kill the adder!
The Council accepts your kill. Pikel barely misses you.
Pikel hits you with a +1 whip of flaming.
Pikel burns you.
You barely miss Pikel.
The lemure shouts!
Your bite misses Pikel.
Pikel is heavily wounded.
Pikel hits you with a +1 whip of flaming.
Pikel burns you.
You barely miss Pikel.
Pikel is heavily wounded.
Pikel closely misses you.
Pikel hits you with a +1 whip of flaming.
Pikel burns you. Pikel hits you but does no damage.
You climb upwards.
There is a stone staircase leading down here.
You barely miss Pikel.
Pikel is heavily wounded.
Pikel hits you with a +1 whip of flaming.
Pikel burns you. Pikel closely misses you.
You closely miss Pikel.
Pikel is heavily wounded.
Pikel hits you with a +1 whip of flaming.
Pikel burns you.
* * * LOW HITPOINT WARNING * * *
It was a potion of heal wounds.
You feel much better.
Pikel hits you with a +1 whip of flaming.
Pikel burns you.
You barely miss Pikel.
Pikel is heavily wounded.
Pikel hits you with a +1 whip of flaming!
Pikel burns you.
* * * LOW HITPOINT WARNING * * *
Pikel hits you with a +1 whip of flaming!
You die...
Pikel says, "Another soul for the market."

...................#
............######.#
...............<...#
............###..###
............####.#
............#....#
..............####
####.#############
...............K@#
....##.###########
.......# ....####
..### ..#####
..##### ..#####
..#####


You could see Pikel.

Vanquished Creatures
  3 adders
  3 ribbon worms (D:2)
  8 orcs
  4 ball pythons
  5 bats
  7 endoplasms
  2 giant cockroaches
  4 goblins
  6 hobgoblins
  8 jackals
  A quokka (D:1)
  4 frilled lizards
  3 kobolds
  6 rats
64 creatures vanquished.

Notes
Turn   | Place    | Note
-------+----------+-------------------------------------------
     0 | D:1      | promet the Vampire Brigand began the quest for the Orb.
     0 | D:1      | Reached XP level 1. HP: 16/16 MP: 1/1
    56 | D:1      | Reached skill level 6 in Stealth
   428 | D:1      | Found Haaha's General Store.
   453 | D:1      | Reached XP level 2. HP: 22/22 MP: 2/2
   964 | D:1      | Reached skill level 7 in Stealth
  1509 | D:2      | Gained mutation: You are afflicted with vampirism and can
                  | become a bat while bloodless. [Vampire growth]
  1509 | D:2      | Reached XP level 3. HP: 27/27 MP: 3/3
  2107 | D:2      | Found a faded altar of an unknown god.
  2848 | D:3      | Reached skill level 8 in Stealth
  3083 | D:3      | Reached XP level 4. HP: 33/33 MP: 4/4
  4043 | D:4      | Found an ornate altar of the Wu Jian Council.
  4058 | D:4      | Became a worshipper of the Wu Jian Council
  4085 | D:4      | Noticed Pikel
  4086 | D:4      | Noticed a lemure
  4086 | D:4      | Noticed a lemure
  4086 | D:4      | Noticed a lemure
  4109 | D:4      | Noticed a lemure
  4118 | D:3      | Slain by Pikel

Illustrated notes

Levels and vault maps discovered:
D:1:      zaba_arrival_water, layout_basic, serial_shops, shop
D:2:      layout_basic, hellmonk_ecumenical_altar_dog_temple
D:3:      layout_basic
D:4:      layout_rooms, nzn_wu_jian_council_hall, uniq_pikel

Skill      XL: |  1  2  3 |
---------------+----------+-----
Stealth        | 6 7 8 |  8.7
Fighting       | 2 |  2.4
Short Blades   | |  2.1
Throwing       | |  1.5
Dodging        | |  1.1

Action                     |  1- 3 |  4- 6 || total
---------------------------+-------+-------++-------
  Melee: Dagger            |    60 |     9 ||    69
         Bite              |     8 |     4 ||    12
         Punch             |     1 |       ||     1
         Great sword       |    21 |    30 ||    51
   Fire: Shortbow          |    36 |    19 ||    55
  Throw: Dart              |       |     2 ||     2
    Use: Scroll            |     5 |     2 ||     7
         Potion            |       |     1 ||     1
   Stab: Sleeping          |    10 |     2 ||    12
 Armour: Robe              |    41 |    33 ||    74
  Dodge: Dodged            |    64 |    35 ||    99

Table legend: (Time is in decaauts)
 A = Elapsed time spent in this place.
 B = Non-inter-level travel time spent in this place.
 C = Inter-level travel time spent in this place.
 D = Time resting spent in this place.
 E = Time spent auto-exploring this place.
 F = Levels seen in this place.
 G = Mean time per level.
                   A        B        C        D        E       F      G
               +--------+--------+--------+--------+--------+-----+--------+
         Total |   4161 |   4045 |    116 |   1005 |   1568 |   4 | 1040.2 |
       Dungeon |   4161 |   4045 |    116 |   1005 |   1568 |   4 | 1040.2 |
               +--------+--------+--------+--------+--------+-----+--------+

Top non-repeatable levels by time:
     D:3: 1341 daAuts
     D:1: 1258 daAuts
     D:2: 1151 daAuts
     D:4: 409 daAuts
